 Dungeon Crawl Stone Soup version 0.29.1-12-g30fa7ad0bf (webtiles) character file.

Game seed: 7571385126505565343

2573 mopl the Covert (level 9, 0/47 (54) HPs)
             Began as an Octopode Brigand on Dec 29, 2022.
             Was a Follower of Elyvilon.
             Slain by a wight
             ... wielding a +3 spear
              (2 damage)
             ... on level 6 of the Dungeon.
             The game lasted 00:09:41 (4270 turns).

mopl the Covert (Octopode Brigand)                  Turns: 4270, Time: 00:09:41

HP:   0/47 (54)     AC:  1    Str: 16    XL:     9   Next: 57%
MP:   9/9           EV: 13    Int: 18    God:    Elyvilon [*.....]
Gold: 179           SH:  9    Dex: 13    Spells: 8/8 levels left

rFire   . . .      SeeInvis +   a - +2 dagger
rCold   . . .      Faith    .   f - +0 kite shield
rNeg    . . .      Spirit   .   (helmet restricted)
rPois   .          Reflect  .   p - amulet of regeneration
rElec   .          Harm     .   e - ring of see invisible
rCorr   +          Rampage  .   m - ring of wizardry
Will    .....                   t - +6 ring of strength
Stlth   ++++++....              s - ring of resist corrosion
HPRegen 0.95/turn               (no ring)
MPRegen 0.11/turn               (no ring)
                                (no ring)
                                (no ring)

@: studying Axes, heavily drained
A: almost no armour, amphibious, 8 rings, camouflage 1, gelatinous body 1,
(nimble swimmer 1), tentacles
a: Renounce Religion, Purification


You were on level 6 of the Dungeon.
You worshipped Elyvilon.
Elyvilon was aware of your devotion.
You visited 1 branch of the dungeon, and saw 6 of its levels.

You collected 269 gold pieces.
You spent 90 gold pieces at shops.

Inventory:

Hand Weapons
 a - a +2 dagger (weapon)
 b - a +2 spear of venom
Missiles
 c - 3 curare-tipped darts
 z - 21 poisoned darts (quivered)
Armour
 f - a +0 kite shield (worn)
Jewellery
 e - a ring of see invisible (left tentacle)
 m - a ring of wizardry (right tentacle)
 p - an amulet of regeneration (around mantle)
 s - a ring of resist corrosion (on tentacle)
 t - a +6 ring of strength (on tentacle)
Wands
 B - a wand of roots (14)
Scrolls
 g - a scroll of immolation {unknown}
 h - a scroll of fog {unknown}
 l - a scroll of blinking {unknown}
 q - 2 scrolls of teleportation
 r - a scroll of poison {unknown}
 y - 3 scrolls of fear {unknown}
 A - a scroll of amnesia {unknown}
Potions
 d - a potion of attraction
 i - 2 potions of heal wounds
 j - 2 potions of curing
 k - a potion of might
 n - 2 potions of lignification {unknown}
 o - 2 potions of degeneration {unknown}
 u - a potion of ambrosia
 v - a potion of mutation {unknown}
 w - a potion of resistance {unknown}
 x - a potion of berserk rage {unknown}


   Skills:
 - Level 2.0 Fighting
 + Level 5.4 Short Blades
 + Level 5.5 Throwing
 + Level 5.1 Dodging
 * Level 11.7 Stealth
 + Level 4.8 Shields


You had 8 spell levels left.
You didn't know any spells.
Your spell library contained the following spells:

 Spells                   Type           Power      Damage    Failure   Level
 Frozen Ramparts          Ice            0%         1d1       56%         3
 Gell's Gravitas          Tloc           0%         N/A       56%         3
 Lesser Beckoning         Tloc           0%         N/A       56%         3
 Teleport Other           Tloc           0%         N/A       56%         3
 Ice Form                 Ice/Tmut       0%         N/A       91%         4
 Summon Ice Beast         Ice/Summ       0%         N/A       91%         4


Dungeon Overview and Level Annotations

Branches:
Dungeon (6/15)
 Temple: D:4-7

Altars:
Elyvilon
Uskayaw
Vehumet
Zin

Annotations:
D:4 1 runed translucent door, MisterFreud's ghost, amateur FoGl
D:5 1 runed translucent door, gargbit's ghost, novice OpFi


Innate Abilities, Weirdness & Mutations

You cannot wear most types of armour.
You are amphibious.
You can wear up to eight rings at the same time.
Your skin changes colour to match your surroundings (Stealth+).
Your rubbery body absorbs attacks. (AC +1, EV +1)
((You are camouflaged when in or above water. (Stealth+)))
You have tentacles for arms and can constrict up to eight enemies at once.


Message History

You block the wight's attack.
You hit the wight.
The wight is heavily damaged.
You constrict the wight, but do no damage.
The wight hits you with a +4 short sword!
You feel drained.
The wight hits you from afar with a +3 spear.
You feel drained.
You hit the wight.
The wight is severely damaged.
You constrict the wight. You block the wight's attack.
The wight barely misses you.
You hit the wight but do no damage.
The wight is severely damaged.
You constrict the wight.
You destroy the wight!
The wight hits you from afar with a +3 spear!
You feel drained.
Unknown command.
You block the wight's attack.
Things that are here:
a +4 short sword; a +0 robe You hit the wight.
Your grab misses the wight.
The wight is lightly damaged.
The wight barely misses you.
You closely miss the wight. You grab the wight.
The wight is lightly damaged.
You constrict the wight. The wight hits you with a +3 spear!
* * * LOW HITPOINT WARNING * * *
You feel drained.
* * * LOW HITPOINT WARNING * * *
You hit the wight but do no damage.
The wight is moderately damaged.
You constrict the wight. The wight barely misses you.
You hit the wight but do no damage.
The wight is heavily damaged.
You constrict the wight. The wight hits you with a +3 spear!
* * * LOW HITPOINT WARNING * * *
You feel drained.
You die...

### #. ##########.#
..# #..........# #.#
#.########.# #.# #.#
### #$# #@# #.#
#z######
##.####z.....#
######zz).........#
.......z#....#########
........#....##......#
.......O#....##.######
.....z..#....'.<#)####
.....z.(#....##.#....#


You could see 2 wights.

Vanquished Creatures
  Pikel (D:4)
  Prince Ribbit (D:5)
  Sigmund (D:4)
  Edmund (D:5)
  Menkaure (D:4)
  An acid dragon (D:5)
  A black bear (D:4)
  3 ogres
  2 lemures
  A centaur (D:5)
  2 phantoms (D:5)
  A kobold brigand (D:5)
  A gnoll sergeant (D:5)
  2 necrophages (D:5)
  2 scorpions (D:5)
  A wight (D:6)
  4 howler monkeys (D:5)
  4 jellies
  A hound (D:5)
  6 adders
  4 gnolls (D:3)
  A white imp (D:6)
  A worm (D:3)
  8 orcs
  7 endoplasms
  2 giant cockroaches (D:4)
  8 goblins
  9 hobgoblins
  4 quokkas
  7 ball pythons
  2 bats (D:2)
  3 frilled lizards
  10 kobolds
  2 rats
105 creatures vanquished.

Notes
Turn   | Place    | Note
-------+----------+-------------------------------------------
     0 | D:1      | mopl the Octopode Brigand began the quest for the Orb.
     0 | D:1      | Reached XP level 1. HP: 14/14 MP: 1/1
    91 | D:1      | Reached XP level 2. HP: 19/19 MP: 2/2
   235 | D:1      | Found a faded altar of an unknown god.
   859 | D:2      | Reached XP level 3. HP: 11/24 MP: 3/3
  1135 | D:2      | Identified the +3 cloak "Vumen" {Stlth+}
  1445 | D:2      | Reached skill level 6 in Stealth
  1882 | D:3      | Reached XP level 4. HP: 29/29 MP: 4/4
  1909 | D:3      | Reached skill level 1 in Shields
  2029 | D:3      | Reached skill level 2 in Dodging
  2091 | D:3      | Reached XP level 5. HP: 17/34 MP: 5/5
  2394 | D:3      | Found a white marble altar of Elyvilon.
  2414 | D:3      | Became a worshipper of Elyvilon the Healer
  2424 | D:4      | Noticed Pikel
  2424 | D:4      | Noticed a lemure
  2424 | D:4      | Noticed a lemure
  2424 | D:4      | Noticed a lemure
  2424 | D:4      | Noticed a lemure
  2434 | D:3      | Killed a lemure
  2474 | D:4      | Found Zin's Purification Station.
  2477 | D:4      | Noticed a black bear
  2499 | D:4      | Killed a black bear
  2500 | D:4      | Reached skill level 3 in Short Blades
  2500 | D:4      | Reached skill level 3 in Throwing
  2500 | D:4      | Reached skill level 7 in Stealth
  2525 | D:4      | Found a glowing silver altar of Zin.
  2537 | D:4      | Bought a potion of curing for 90 gold pieces
  2570 | D:4      | Noticed Menkaure
  2590 | D:4      | Killed Menkaure
  2591 | D:4      | Reached skill level 2 in Shields
  2591 | D:4      | Reached XP level 6. HP: 33/39 MP: 6/6
  2664 | D:4      | Killed Pikel
  2665 | D:4      | Reached skill level 4 in Throwing
  2665 | D:4      | Reached skill level 3 in Dodging
  2665 | D:4      | Reached skill level 8 in Stealth
  2665 | D:4      | Reached skill level 3 in Shields
  2665 | D:4      | Reached XP level 7. HP: 24/45 MP: 7/7
  2783 | D:4      | Noticed Sigmund
  2785 | D:4      | Killed Sigmund
  2786 | D:4      | Reached skill level 4 in Short Blades
  2786 | D:4      | Reached skill level 9 in Stealth
  2786 | D:4      | Reached XP level 8. HP: 50/50 MP: 8/8
  3063 | D:4      | Found a runed translucent door.
  3064 | D:4      | Noticed MisterFreud's ghost (amateur FoGl)
  3205 | D:4      | Found a hide-covered altar of Uskayaw.
  3231 | D:5      | Entered Level 5 of the Dungeon
  3240 | D:5      | Found a radiant altar of Vehumet.
  3394 | D:5      | Reached * piety under Elyvilon
  3418 | D:5      | Noticed gargbit's ghost (novice OpFi)
  3513 | D:5      | Noticed Edmund
  3519 | D:5      | Killed Edmund
  3520 | D:5      | Reached skill level 4 in Dodging
  3541 | D:5      | Reached skill level 10 in Stealth
  3569 | D:5      | Reached skill level 4 in Shields
  3603 | D:5      | Reached XP level 9. HP: 14/54 MP: 9/9
  3617 | D:5      | Reached skill level 5 in Throwing
  3693 | D:5      | Reached skill level 5 in Short Blades
  3712 | D:5      | Found a runed translucent door.
  3772 | D:5      | Reached skill level 11 in Stealth
  3844 | D:5      | Noticed Prince Ribbit
  3849 | D:5      | Killed Prince Ribbit
  3868 | D:5      | Reached skill level 5 in Dodging
  4270 | D:6      | HP: 2/49 [wight/+3 spear (9)]
  4270 | D:6      | Slain by a wight

Illustrated notes

Levels and vault maps discovered:
D:1:      doesnt_arrival_eight_statues, layout_basic,
          shapermc_ecumenical_altar_totnotflames
D:2:      layout_loops_ring, minmay_increasing_density
D:3:      layout_basic, lemuel_doored_altar
D:4:      layout_basic, zin_purify, lemuel_tele_altar, gammafunk_ghost_grave,
          uniq_sigmund, uniq_pikel, uniq_menkaure
D:5:      layout_gridville, mainiacjoe_overflow_alcove_1,
          hellmonk_ghost_happy_afterlife, chequers_serial_rivers_micro_e,
          minmay_misc_feat_four_crosses, grunt_ministairs_11,
          minmay_manual_mess, uniq_edmund, uniq_prince_ribbit1
D:6:      cheibrodos_iron_armory, layout_basic, minmay_temple_entry_poolview,
          hex_medium

Skill      XL: |  1  2  3  4  5  6  7  8  9 |
---------------+----------------------------+-----
Stealth        | 6 7 8 9 10 11 | 11.7
Shields        | 1 2 3 4 |  4.8
Dodging        | 2 3 4 5 |  5.1
Short Blades   | 3 4 5 |  5.4
Throwing       | 3 4 5 |  5.5
Fighting       | |  2.0

Action                   |  1- 3 |  4- 6 |  7- 9 || total
-------------------------+-------+-------+-------++-------
Melee: Dagger            |    68 |    58 |   125 ||   251
       Tentacles         |    15 |    11 |    37 ||    63
       Constrict         |    12 |     9 |    23 ||    44
       Punch             |       |       |     4 ||     4
       Spear             |       |       |    21 ||    21
Throw: Dart              |     1 |    15 |    18 ||    34
Evoke: Wand              |       |       |     9 ||     9
  Use: Potion            |       |     1 |     1 ||     2
       Scroll            |       |       |     5 ||     5
 Stab: Sleeping          |    11 |     9 |    12 ||    32
       Distracted        |       |       |     1 ||     1
Armor: Skin              |     3 |       |     5 ||     8
Dodge: Dodged            |    29 |    14 |    49 ||    92
Block: Kite shield       |    15 |    14 |    54 ||    83
